 Dungeon Crawl Stone Soup version 0.29-a0-632-g781b4ac09e (webtiles) character file.

Game seed: 12995754272259818042

240 CrazyBamboolord the Cutter (level 6, -7/38 HPs)
             Began as a Kobold Fighter on June 19, 2022.
             Mangled by an orc warrior
             ... wielding a +0 battleaxe
              (12 damage)
             ... on level 4 of the Dungeon.
             The game lasted 00:03:43 (3109 turns).

CrazyBamboolord the Cutter (Kobold Fighter)         Turns: 3109, Time: 00:03:43

Health: -7/38      AC:  9    Str: 15    XL:     6   Next: 29%
Magic:  6/6        EV: 12    Int:  9    God:
Gold:   159        SH:  7    Dex: 26    Spells: 5/5 levels left

rFire   . . .      SeeInvis .   a - +0 rapier
rCold   . . .      Faith    .   c - +0 buckler
rNeg    . . .      Spirit   .   t - +1 scale mail "Bukietulo" {Str+2 Dex+9 Slay+3 Stlth-}
rPois   .          Reflect  .   (no helmet)
rElec   .          Harm     .   (no cloak)
rCorr   .          Rampage  .   i - +0 pair of gloves
Will    .....                   o - +0 pair of boots
Stlth   ++........              (no amulet)
HPRegen 0.12/turn               (no ring)
MPRegen 0.10/turn               (no ring)

@: about to teleport
A: small, no large weapons, nightstalker 3
a: no special abilities


You were on level 4 of the Dungeon.
You visited 1 branch of the dungeon, and saw 4 of its levels.

You collected 159 gold pieces.

Inventory:

Hand Weapons
 a - a +0 rapier (weapon)
Armour
 c - a +0 buckler (worn)
 e - a +3 leather armour
 i - a +0 pair of gloves (worn)
 o - a +0 pair of boots (worn)
 t - the +1 scale mail "Bukietulo" (worn) {Str+2 Dex+9 Slay+3 Stlth-}
   (You found it on level 3 of the Dungeon)

   Str:       It affects your strength (+2).
   Dex:       It affects your dexterity (+9).
   Slay:      It affects your accuracy & damage with ranged weapons and melee
   (+3).
   Stlth:     It makes you less stealthy.
Scrolls
 b - a scroll of fog
 h - 2 scrolls of poison
 k - a scroll of noise {unknown}
 m - a scroll of enchant armour {unknown}
 n - a scroll of teleportation
 p - a scroll of brand weapon {unknown}
 s - 2 scrolls of blinking {unknown}
 u - a scroll of torment {unknown}
Potions
 d - a potion of mutation {unknown}
 f - a potion of resistance
 g - a potion of curing {unknown}
 j - 2 potions of berserk rage {unknown}
 l - a potion of heal wounds {unknown}
 q - a potion of cancellation {unknown}
 r - a potion of might
 v - a potion of degeneration {unknown}


   Skills:
 * Level 4.0 Fighting
 * Level 6.1 Short Blades
 + Level 2.7 Armour
 * Level 1.9 Dodging
 + Level 2.6 Stealth
 + Level 2.6 Shields


You had 5 spell levels left.
You didn't know any spells.
Your spell library contained the following spells:

 Spells                   Type           Power      Damage    Failure   Level
 Ensorcelled Hibernation  Hex/Ice        0%         N/A       98%         2
 Passwall                 Tmut/Erth      0%         N/A       98%         2
 Summon Guardian Golem    Hex/Summ       0%         N/A       100%        3
 Swiftness                Air            0%         N/A       100%        3
 Orb of Destruction       Conj           0%         9d5       100%        7
 Spellforged Servitor     Conj/Summ      0%         N/A       100%        7


Dungeon Overview and Level Annotations

Branches:
Dungeon (4/15)
 Temple: D:4-7

Altars:
Ashenzari
Cheibriados
Hepliaklqana
Xom


Innate Abilities, Weirdness & Mutations

You are small and have problems with some larger weapons.
You are completely attuned to the shadows.


Message History

The orc priest invokes the aid of Beogh against you.
You barely resist.
You hear a shout!
You hit the orc.
The orc is heavily wounded.
You hear a shout! x2
The orc closely misses you.
An orc wizard comes into view. It is wielding a +0 dagger.
You puncture the orc!
You kill the orc!
You hit the orc wizard.
The orc wizard is lightly wounded.
The orc priest hits you but does no damage.
An orc wizard comes into view. It is wielding a +0 dagger.
You block the orc wizard's attack.
You puncture the orc priest!
The orc priest is severely wounded.
The orc warrior hits you with a +0 battleaxe!
You block the orc priest's attack.
The orc wizard hits you but does no damage.
You hit the orc priest.
The orc priest is almost dead.
You block the orc warrior's attack. The orc priest completely misses you.
The orc wizard casts a spell at you. The puff of flame hits you!
Okay, then.
The orc wizard attacks as you move away!
The orc wizard barely misses you.
The orc warrior attacks as you move away!
The orc warrior closely misses you.
The orc priest miscasts a cantrip.
The orc warrior attacks as you move away!
The orc warrior hits you with a +0 battleaxe!
* * * LOW HITPOINT WARNING * * *
The orc priest calls upon Beogh to heal the orc wizard.
The orc wizard's wounds heal themselves!
As you read the scroll labelled HOH TUMOEMARGH, it crumbles to dust.
You feel strangely unstable.
It was a scroll of teleportation.
The orc warrior hits you with a +0 battleaxe!
You die...

#### ### ..#.##
#.#### #....#
#.#..#
#...######..###
# #..........##
##
##.@####...##
#. ##o## ##...#
##. ##oo#
#...## ##..
#o.## ##..[#
##... #...#
##..###...#
....##
#..##....# ....
##.......# ....
#....>.##
#........#


You could see an orc warrior, an orc priest and 2 orc wizards.

Vanquished Creatures
  Sigmund (D:2)
  3 adders (D:2)
  2 worms (D:2)
  An orc (D:4)
  4 bats
  5 endoplasms
  4 giant cockroaches
  5 goblins
  4 hobgoblins
  A quokka (D:1)
  6 ball pythons
  2 frilled lizards
  8 kobolds
  10 rats
56 creatures vanquished.

Notes
Turn   | Place    | Note
-------+----------+-------------------------------------------
     0 | D:1      | CrazyBamboolord the Kobold Fighter began the quest for the
                  | Orb.
     0 | D:1      | Reached XP level 1. HP: 14/14 MP: 1/1
   209 | D:1      | Reached XP level 2. HP: 19/19 MP: 2/2
   314 | D:1      | Reached skill level 3 in Short Blades
   663 | D:1      | Reached XP level 3. HP: 12/23 MP: 3/3
  1224 | D:2      | Reached skill level 1 in Stealth
  1479 | D:2      | Reached skill level 1 in Dodging
  1527 | D:2      | Found a shimmering altar of Xom.
  1566 | D:2      | Reached XP level 4. HP: 29/29 MP: 4/4
  1841 | D:2      | Reached skill level 4 in Short Blades
  1849 | D:2      | Noticed Sigmund
  1860 | D:2      | Killed Sigmund
  1861 | D:2      | Reached skill level 6 in Short Blades
  1861 | D:2      | Reached XP level 5. HP: 10/33 MP: 5/5
  1861 | D:2      | Reached XP level 6. HP: 12/38 MP: 6/6
  2176 | D:2      | Found a faded altar of an unknown god.
  2316 | D:3      | Found a broken altar of Ashenzari.
  2417 | D:3      | Found a hazy altar of Hepliaklqana.
  2421 | D:3      | Found a snail-covered altar of Cheibriados.
  2503 | D:3      | Identified the +1 scale mail "Bukietulo" {Str+2 Dex+9
                  | Slay+3 Stlth-}
  3100 | D:4      | Noticed an orc warrior
  3109 | D:4      | Mangled by an orc warrior

Illustrated notes

Levels and vault maps discovered:
D:1:      dpeg_arrival_arbitrary_c, layout_basic
D:2:      layout_loops_ring, ebering_ecumenical_altar_webs, basic_altar,
          uniq_sigmund
D:3:      layout_basic, grunt_temple_overflow_open, old_standard_altar
D:4:      layout_layer_cave, serial_shops, shop, uniq_ijyb

Skill      XL: |  1  2  3  4 |
---------------+-------------+-----
Short Blades   | 3 6 |  6.1
Stealth        | 1 2 |  2.6
Dodging        | 1 |  1.9
Fighting       | 4 |  4.0
Armour         | |  2.7
Shields        | |  2.6

Action                   |  1- 3 |  4- 6 || total
-------------------------+-------+-------++-------
Melee: Rapier            |    83 |    46 ||   129
  Use: Scroll            |       |     4 ||     4
       Potion            |       |     1 ||     1
 Stab: Sleeping          |    12 |     5 ||    17
Armor: Leather armour    |    22 |     4 ||    26
       Scale mail        |       |     3 ||     3
Dodge: Dodged            |    40 |    15 ||    55
Block: Buckler           |    13 |    11 ||    24

Table legend: (Time is in decaauts)
 A = Elapsed time spent in this place.
 B = Non-inter-level travel time spent in this place.
 C = Inter-level travel time spent in this place.
 D = Time resting spent in this place.
 E = Time spent auto-exploring this place.
 F = Levels seen in this place.
 G = Mean time per level.
                   A        B        C        D        E       F      G
               +--------+--------+--------+--------+--------+-----+--------+
         Total |   3115 |   3036 |     79 |    213 |   2406 |   4 |  778.8 |
       Dungeon |   3115 |   3036 |     79 |    213 |   2406 |   4 |  778.8 |
               +--------+--------+--------+--------+--------+-----+--------+

Top non-repeatable levels by time:
     D:1: 1222 daAuts
     D:2: 1028 daAuts
     D:3: 760 daAuts
     D:4: 103 daAuts
